 Dungeon Crawl Stone Soup version 0.31.0-12-g77e489cdc1 (webtiles) character file.

Game seed: 18231751352935394147

135812 Peloso the Hoplite (level 16, -5/143 (149) HPs)
             Began as a Minotaur Fighter on Feb 18, 2024.
             Was a High Priest of Okawaru.
             Slain by a deep elf pyromancer
             ... wielding a +4 trident of protection
              (10 damage)
             ... while paralysed by an air elemental
             ... on level 1 of the Elven Halls.
             The game lasted 01:23:21 (31301 turns).

Peloso the Hoplite (Minotaur Fighter)              Turns: 31301, Time: 01:23:21

HP:   -5/143 (149)  AC: 20    Str: 28    XL:     16   Next: 65%
MP:   26/26         EV:  2    Int:  5    God:    Okawaru [*****.]
Gold: 1524          SH:  0    Dex: 16    Spells: 15/15 levels left

rFire   + . .        a - +1 long sword (elec)
rCold   . . .        d - +0 tower shield
rNeg    + + .        r - +3 chain mail of Wu Jian, Changing {rElec rN+ Regen+}
rPois   +            (helmet restricted)
rElec   +            c - +0 cloak {rCorr}
rCorr   +            y - +0 pair of gloves
SInv    .            P - +0 pair of boots
Will    +++..        B - amulet of reflection Stlth
                     D - ring of willpower
HPRegen 1.23/turn    F - ring "Yfaem" {rPois rF+ rN+ MP+9 Str+5}
MPRegen 0.20/turn

%: reflection
@: paralysed, on fire, about to teleport, enlightened, flying, glowing, lightly
drained
A: horns 2, retaliatory headbutt
a: Renounce Religion, Heroism, Finesse, Duel


You were on level 1 of the Elven Halls.
You worshipped Okawaru.
Okawaru was extremely pleased with you.
You visited 7 branches of the dungeon, and saw 28 of its levels.
You also visited: Ice Cave.

You collected 2727 gold pieces.
You spent 1203 gold pieces at shops.

Inventory:

Hand Weapons
 a - a +1 long sword of electrocution (weapon)
 b - a +0 hand axe of flaming
Armour
 c - a +0 cloak of preservation (worn)
 d - a +0 tower shield (worn)
 r - the +3 chain mail of Wu Jian, Changing (worn) {rElec rN+ Regen+}
   (You found it on level 10 of the Dungeon)

   rElec:     It insulates you from electricity.
   rN+:       It protects you from negative energy.
   Regen+:    It increases your rate of health regeneration.
 y - a +0 pair of gloves (worn)
 P - a +0 pair of boots (worn)
Jewellery
 h - a +5 ring of evasion
 l - a ring of protection from fire
 B - an amulet of reflection (around neck)
 D - a ring of willpower (left hand)
 E - a ring of willpower
 F - the ring "Yfaem" (right hand) {rPois rF+ rN+ MP+9 Str+5}
   (You took it off a tengu warrior on level 14 of the Dungeon)

   [ring of magical power]

   Str+5:     It affects your strength (+5).
   rF+:       It protects you from fire.
   rPois:     It protects you from poison rN+: It protects you from negative
   energy.
   MP+9:      It affects your magic capacity (+9).
 U - a ring of protection from cold
 W - the ring of Fumyruish {Wiz rN+}
   (You bought it in a shop on level 2 of the Orcish Mines)

   [ring of wizardry]

   Wiz:       It improves your spell success rate.
   rN+:       It protects you from negative energy.
Wands
 m - a wand of paralysis (9)
 t - a wand of roots (12)
 A - a wand of mindburst (7)
 Z - a wand of digging (1)
Scrolls
 e - 6 scrolls of blinking
 f - 2 scrolls of fear
 i - 2 scrolls of amnesia
 j - 3 scrolls of poison
 k - 6 scrolls of immolation
 n - a scroll of enchant weapon
 o - a scroll of vulnerability
 w - 2 scrolls of revelation
 C - 5 scrolls of teleportation
Potions
 g - 8 potions of might
 q - 4 potions of enlightenment
 s - 7 potions of curing
 u - a potion of attraction
 v - a potion of resistance
 x - 3 potions of berserk rage
 z - a potion of brilliance
 I - 3 potions of haste
 N - 2 potions of degeneration {unknown}
 O - a potion of invisibility {unknown}
 S - 3 potions of heal wounds
 X - 3 potions of cancellation {unknown}


   Skills:
 + Level 15.5 Fighting
 + Level 2.7(10.6) Short Blades
 + Level 17.1(17.2) Long Blades
 + Level 0.1 Axes
 + Level 13.9 Armour
 + Level 9.4 Dodging
 + Level 3.7 Stealth
 + Level 21.9 Shields
 + Level 3.2 Invocations
 + Level 1.0 Evocations


You had 15 spell levels left.
You didn't know any spells.
Your spell library contained the following spells:

 Spells                   Type           Power      Damage    Failure   Level
 Apportation              Tloc           0%         N/A       92%         1
 Necrotise                Necr           0%         1d4       92%         1
 Shock                    Conj/Air       0%         1d3       92%         1
 Slow                     Hex            0%         N/A       92%         1
 Sting                    Conj/Alch      0%         1d3       92%         1
 Ensorcelled Hibernation  Hex/Ice        0%         N/A       98%         2
 Jinxbite                 Hex            0%         N/A       98%         2
 Lesser Beckoning         Tloc           0%         N/A       98%         2
 Confusing Touch          Hex            0%         N/A       100%        3
 Gell's Gravitas          Tloc           0%         N/A       100%        3
 Passwall                 Erth           0%         N/A       100%        3
 Sigil of Binding         Hex            0%         N/A       100%        3
 Swiftness                Air            0%         N/A       100%        3
 Teleport Other           Tloc           0%         N/A       100%        3
 Vampiric Draining        Necr           0%         2d6       100%        3
 Volatile Blastmotes      Fire/Tloc      0%         2d10      100%        3
 Airstrike                Air            0%         2d(0-16)  100%        4
 Cause Fear               Hex            0%         N/A       100%        4
 Fulminant Prism          Conj/Alch      0%         3d5       100%        4
 Iskenderun's Mystic Bla  Conj/Tloc      0%         2d3       100%        4
 Manifold Assault         Tloc           0%         N/A       100%        4
 Fireball                 Conj/Fire      0%         3d3       100%        5
 Yara's Violent Unravell  Hex/Alch       0%         3d3       100%        5
 Dispersal                Tloc           0%         N/A       100%        6
 Enfeeble                 Hex            0%         N/A       100%        7
 Borgnjor's Revivificati  Necr           0%         N/A       100%        8
 Disjunction              Tloc           0%         N/A       100%        8
 Death's Door             Necr           0%         N/A       100%        9
 Summon Small Mammal      Summ           Unusable   N/A       N/A         1
 Haunt                    Necr/Summ      Unusable   N/A       N/A         7
 Dragon's Call            Summ           Unusable   N/A       N/A         9

Dungeon Overview and Level Annotations

Branches:
Dungeon (15/15)            Temple (1/1) D:5            Lair (5/5) D:10
 Shoals (1/4) Lair:2       Spider (3/4) Lair:3        Slime (0/5) Lair:5
    Orc (2/2) D:12            Elf (1/3) Orc:2        Vaults (0/5) D:13
 Depths (0/4) D:15          IceCv (visited)

Altars:
Ashenzari
Cheibriados
Dithmenos
Elyvilon
Fedhas
Gozag
Hepliaklqana
Kikubaaqudgha
Makhleb
Nemelex Xobeh
Okawaru
Qazlal
Ru
Sif Muna
Trog
Uskayaw
Vehumet
Wu Jian
Xom
Yredelemnul
Zin
The Shining One
Jiyva

Shops:
D:5 *   Orc:2 (*[==

Portals:
Trove: D:14 (give horn of Geryon)

Annotations:
Lair:4 Casa


Innate Abilities, Weirdness & Mutations

You have a pair of horns on your head.
You reflexively headbutt those who attack you in melee.


Message History

You block the air elemental's attack.
You block the +2 long sword of draining's attack.
The +1 vampiric glaive hits you from afar!!
You slash the +2 long sword of draining!
You headbutt the +2 long sword of draining, but do no damage.
The +2 long sword of draining is severely damaged.
The liquid fire burns you!
You block the air elemental's attack. x2
You block the +2 long sword of draining's attack.
The air elemental hits you but does no damage.
You block the deep elf pyromancer's attack.
The air elemental hits you but does no damage.
You hit the +2 long sword of draining.
Your headbutt misses the +2 long sword of draining.
The +2 long sword of draining is severely damaged.
The liquid fire burns you! You block the air elemental's attack.
The +2 long sword of draining hits you! You partially resist.
You feel drained.
The air elemental fires a burst of electricity at you.
The stunning burst hits you but does no damage.
You suddenly lose the ability to move!
The +1 vampiric glaive hits you from afar!
The air elemental fires a burst of electricity at you.
The stunning burst hits you but does no damage.
The +2 long sword of draining hits you!
* * * LOW HITPOINT WARNING * * *
You partially resist.
You feel drained.
The deep elf pyromancer hits you but does no damage.
The liquid fire burns you!
* * * LOW HITPOINT WARNING * * *
The air elemental hits you but does no damage.
The +1 vampiric glaive hits you from afar!
* * * LOW HITPOINT WARNING * * *
The +2 long sword of draining hits you but does no damage.
You partially resist. The air elemental hits you!
* * * LOW HITPOINT WARNING * * *
The deep elf sorcerer hits you with a +0 rapier!
* * * LOW HITPOINT WARNING * * *
The deep elf pyromancer hits you from afar with a +4 trident of protection!
You die...

...)).# . .. #.# ##.
))##### #'##'#######.#
######.. .##
.....#8≈~..###....... .#
....#≈≈~...........^ ##
#..#≈≈~.####.###### #
#..#≈≈≈.# #....... #
#.e'≈≈≈.# ######## #
#..#≈≈~.# # ##
#E@#≈≈~.#### ## .#
.'..eee(#≈≈~....# ##.
.##
.#..h(eE#8≈~..#.######..
#.#####
###e##(#####.......#)).
#.....# ...


.ee #........... #.##### #.. ... #........... .## #.. ... #........... ..# #####
########........... .## #...# #...........#.... You could see a deep elf
sorcerer (fast), 5 deep elf archers, a deep elf knight, a polar bear, a deep elf
pyromancer, 2 air elementals and 3 dancing weapons.

Vanquished Creatures
  Arachne (Spider:3)
  A reaper (IceCv)
  2 broodmothers (Spider:3)
  An ironbound preserver (D:13)
  A stone giant (D:15)
  The ghost of Doomgape the Cleaver, a journeyman GrFi of Gozag (Lair:5)
  A deep elf death mage (Elf:1)
  The ghost of Ciovowug the Fighter, a journeyman DrSh of Ashenzari (Lair:2)
  A spark wasp (Spider:2)
  Josephine (Lair:5)
  3 entropy weavers
  A catoblepas (Lair:4)
  8 hydras
  A merfolk avatar (Lair:5)
  A radroach (Spider:3)
  3 two-headed ogres
  A death knight (D:14)
  3 centaur warriors (D:13)
  3 boulder beetles
  3 dancing weapons (Elf:1)
  2 tengu warriors
  A death scarab (Spider:2)
  3 orc high priests
  An occultist (D:15)
  2 demonic crawlers
  3 deep elf knights (Elf:1)
  3 spriggans (Lair:5)
  2 pharaoh ants
  Amaemon (D:8)
  A fire crab (Lair:5)
  3 sea snakes
  A deep elf archer (Elf:1)
  4 orb spiders
  4 steelbarb worms
  A sun moth (Spider:1)
  3 wolf spider zombies (Spider:2)
  6 orc knights
  3 deep elf zephyrmancers (Elf:1)
  5 spectral wolf spiders (Spider:2)
  4 ugly things
  3 necromancers (D:15)
  8 deep elf pyromancers
  6 orc sorcerers
  5 moths of wrath
  Maurice (D:10)
  19 wolf spiders
  8 cyclopes
  3 manticores
  16 elephants
  A merfolk siren (Lair:2)
  6 meliai
  5 kobold blastminers (Orc:2)
  Joseph (D:8)
  2 torpor snails (Lair:4)
  2 black mambas
  11 cane toads
  2 ice statues (IceCv)
  An orange demon (D:8)
  Maggie (D:6)
  A gargoyle (D:12)
  3 kobold demonologists
  Psyche (D:8)
  2 rime drakes (Lair:3)
  3 tengu conjurers (D:13)
  10 komodo dragons
  5 ice devils (IceCv)
  A freezing wraith (IceCv)
  An anaconda simulacrum (IceCv)
  7 trolls
  3 polar bears
  A troll (shapeshifter) (D:13)
  2 wind drakes (Lair:5)
  2 wolf spider simulacra (Spider:2)
  9 tarantellas
  6 hornets
  Prince Ribbit (D:5)
  4 dream sheep (Lair:5)
  8 blink frogs
  16 jumping spiders
  A centaur simulacrum (D:14)
  Sigmund (D:2)
  6 slime creatures
  6 culicivoras
  10 wraiths
  3 vampires
  2 water elementals (D:14)
  9 wyverns
  Grum (D:8)
  A fire elemental (Elf:1)
  44 yaks
  3 basilisks
  3 steam dragons
  3 death yak simulacra (IceCv)
  6 wargs
  18 vampire mosquitoes
  17 redbacks
  Edmund (D:5)
  Menkaure (D:5)
  A harpy simulacrum (IceCv)
  2 acid dragons
  19 water moccasins
  A hydra simulacrum (IceCv)
  Duvessa (D:5)
  2 ice beasts
  A swamp drake (shapeshifter) (Elf:1)
  4 black bears
  2 laughing skulls (D:13)
  18 orc warriors
  3 sky beasts
  2 ogres
  A boggart (Lair:5)
  11 centaurs
  A phantom (D:7)
  17 wolves
  2 kobold brigands
  10 bullfrogs
  A gnoll sergeant (D:10)
  An earth elemental (Elf:1)
  2 two-headed ogre simulacra (IceCv)
  A cane toad simulacrum (IceCv)
  3 scorpions
  3 wights (D:7)
  Dowan (D:5)
  5 killer bees (D:5)
  An elephant simulacrum (IceCv)
  4 electric eels
  5 howler monkeys
  4 hounds
  Crazy Yiuf (D:2)
  3 bombardier beetles
  13 jellies
  21 orc priests
  3 sleepcaps
  Jessica (D:2)
  Ijyb (D:3)
  Terence (D:2)
  4 iguanas
  29 orc wizards
  2 troll simulacra (IceCv)
  A polar bear simulacrum (IceCv)
  2 spriggan simulacra (IceCv)
  Robin (D:2)
  15 gnolls
  4 adders
  A naga simulacrum (IceCv)
  2 shadow imps
  6 white imps
  An ufetubus (IceCv)
  5 ribbon worms
  A dart slug (D:3)
  89 orcs
  5 ball pythons
  6 endoplasms
  2 giant cockroaches
  10 goblins
  15 hobgoblins
  2 quokkas
  5 bats
  11 frilled lizards
  14 kobolds
  5 rats
825 creatures vanquished.

Vanquished Creatures (others)
  The ghost of Erosuy the Destroyer, a journeyman OpFE of Vehumet (Lair:1)
  2 deep elf knights (Elf:1)
  A tengu conjurer (D:14)
  A centaur (D:13)
  An orc wizard (D:8)
  An orc (Orc:1)
  An endoplasm (Lair:5)
8 creatures vanquished.

Grand Total: 833 creatures vanquished

Notes
Turn   | Place    | Note
-------+----------+-------------------------------------------
     0 | D:1      | Peloso the Minotaur Fighter began the quest for the Orb.
     0 | D:1      | Reached XP level 1. HP: 19/19 MP: 0/0
   325 | D:1      | Reached XP level 2. HP: 27/27 MP: 1/1
   751 | D:2      | Found an opulent altar of Gozag.
   941 | D:2      | Reached XP level 3. HP: 27/34 MP: 2/2
   996 | D:2      | Noticed Robin
  1019 | D:2      | Killed Robin
  1095 | D:2      | Noticed Sigmund
  1270 | D:3      | Reached XP level 4. HP: 41/41 MP: 3/3
  1367 | D:3      | Noticed Ijyb
  1375 | D:3      | Killed Ijyb
  1376 | D:3      | Reached skill level 1 in Dodging
  1376 | D:3      | Reached skill level 4 in Shields
  1981 | D:4      | Reached skill level 5 in Fighting
  1995 | D:4      | Reached XP level 5. HP: 38/48 MP: 4/4
  2205 | D:4      | Reached XP level 6. HP: 56/56 MP: 5/5
  2314 | D:4      | Noticed a sky beast
  2320 | D:4      | Reached skill level 5 in Long Blades
  2325 | D:4      | Killed a sky beast
  2326 | D:4      | Reached skill level 5 in Armour
  2461 | D:4      | Found an ornate altar of the Wu Jian Council.
  3009 | D:2      | Killed Sigmund
  3010 | D:2      | Reached XP level 7. HP: 61/62 MP: 6/6
  3222 | D:2      | Noticed Terence
  3231 | D:2      | Killed Terence
  3485 | D:2      | Noticed Jessica
  3486 | D:2      | Killed Jessica
  3801 | D:2      | Found a runed translucent door.
  3802 | D:2      | Noticed Crazy Yiuf
  3808 | D:2      | Killed Crazy Yiuf
  3967 | D:5      | Entered Level 5 of the Dungeon
  4215 | D:5      | Noticed Menkaure
  4223 | D:5      | HP: 3/63 [Menkaure/nerve-wracking pain (13)]
  4224 | D:5      | Killed Menkaure
  4225 | D:5      | Reached skill level 5 in Shields
  4225 | D:5      | Reached XP level 8. HP: 4/71 MP: 7/7
  4499 | D:5      | Reached skill level 1 in Stealth
  4576 | D:5      | Noticed Duvessa
  4576 | D:5      | Noticed Dowan
  4655 | D:5      | Killed Dowan
  4780 | D:5      | Killed Duvessa
  4792 | D:5      | Found Wapoot's Assorted Antiques.
  4914 | D:5      | Bought a scroll labelled ICE SYKYCKAFAO for 31 gold pieces
  4914 | D:5      | Bought a scroll labelled HETHUD YCANLY for 31 gold pieces
  4914 | D:5      | Bought a scroll labelled KIZXIU FEICAOST for 31 gold pieces
  4914 | D:5      | Bought a scroll labelled QUISKU AHYGH for 31 gold pieces
  4914 | D:5      | Bought a fuming ruby potion for 27 gold pieces
  4914 | D:5      | Bought a clear potion for 27 gold pieces
  4978 | D:5      | Noticed a +0 spear
  4980 | D:5      | Noticed a +0 short sword
  4981 | D:5      | Noticed a +0 falchion
  4982 | D:5      | Noticed a +0 short sword
  4982 | D:5      | Noticed a +0 dagger
  4982 | D:5      | Noticed a +0 dagger
  4983 | D:5      | Noticed a +0 spear
  4983 | D:5      | Noticed a +0 falchion
  4985 | D:5      | Found a hide-covered altar of Uskayaw.
  5081 | D:5      | Noticed Prince Ribbit
  5103 | D:5      | Killed Prince Ribbit
  5235 | D:5      | Noticed Edmund
  5266 | D:5      | Killed Edmund
  5268 | D:5      | Found a staircase to the Ecumenical Temple.
  5282 | Temple   | Entered the Ecumenical Temple
  5384 | Temple   | Became a worshipper of Warmaster Okawaru
  5642 | D:6      | Noticed Maggie
  5655 | D:6      | Killed Maggie
  5655 | D:6      | Reached * piety under Okawaru
  5656 | D:6      | Reached XP level 9. HP: 70/78 MP: 8/8
  6136 | D:6      | Reached skill level 10 in Long Blades
  6726 | D:6      | Found a glowing golden altar of the Shining One.
  6727 | D:6      | Found a glowing silver altar of Zin.
  6728 | D:6      | Found a burning altar of Makhleb.
  6729 | D:6      | Found a sacrificial altar of Ru.
  6805 | D:7      | Reached skill level 6 in Shields
  6815 | D:7      | Reached ** piety under Okawaru
  6875 | D:7      | Identified the +5 ring mail "Urchaacan" {rF+ Dex+3 Stlth+}
  7444 | D:7      | Reached XP level 10. HP: 76/88 MP: 9/9
  7796 | D:8      | Noticed Amaemon
  7796 | D:8      | Noticed an orange demon
  7812 | D:8      | Killed an orange demon
  7813 | D:8      | Reached skill level 7 in Shields
  7852 | D:8      | Killed Amaemon
  8068 | D:8      | Noticed Psyche
  8113 | D:8      | Reached *** piety under Okawaru
  8123 | D:8      | Paralysed by something for 3 turns
  8138 | D:8      | Paralysed by Psyche for 5 turns
  8147 | D:8      | Killed Psyche
  8329 | D:8      | Noticed Joseph
  8353 | D:8      | Killed Joseph
  8356 | D:8      | Noticed Grum
  8380 | D:8      | Killed Grum
  8381 | D:8      | Reached skill level 1 in Invocations
  8946 | D:9      | Reached skill level 8 in Shields
  8968 | D:9      | Found an opulent altar of Gozag.
  9072 | D:9      | Reached **** piety under Okawaru
  9094 | D:9      | Reached skill level 5 in Dodging
  9094 | D:9      | Reached XP level 11. HP: 32/95 MP: 10/10
  9695 | D:9      | Noticed a two-headed ogre
  9706 | D:9      | Killed a two-headed ogre
  9782 | D:9      | Noticed a two-headed ogre
  9794 | D:9      | Killed a two-headed ogre
  9891 | D:10     | Entered Level 10 of the Dungeon
 10032 | D:10     | Found a staircase to the Lair.
 10069 | D:10     | Identified the +3 chain mail of Wu Jian, Changing {rElec
                  | rN+ Regen+}
 10200 | D:10     | Reached skill level 10 in Armour
 10330 | D:10     | Noticed Maurice
 10352 | D:10     | Killed Maurice
 10352 | D:10     | Reached ***** piety under Okawaru
 10689 | D:11     | Noticed a white ugly thing
 10712 | D:11     | Killed a white ugly thing
 10713 | D:11     | Reached skill level 9 in Shields
 10792 | D:11     | Reached skill level 10 in Fighting
 11313 | D:11     | Received a gift from Okawaru
 11475 | Lair:1   | Entered Level 1 of the Lair of Beasts
 11644 | Lair:1   | Reached XP level 12. HP: 63/108 MP: 11/11
 11730 | Lair:1   | Found a runed translucent door.
 11733 | Lair:1   | Noticed Erosuy's ghost (journeyman OpFE)
 11904 | Lair:1   | Reached skill level 10 in Shields
 12449 | Lair:2   | Noticed a six-headed hydra
 12463 | Lair:2   | Killed a six-headed hydra
 12490 | Lair:2   | Noticed a seven-headed hydra
 12501 | Lair:2   | Killed a seven-headed hydra
 12501 | Lair:2   | Received a gift from Okawaru
 12518 | Lair:2   | Reached skill level 11 in Shields
 12620 | Lair:2   | Found a runed translucent door.
 12620 | Lair:2   | Noticed Ciovowug's ghost (journeyman DrSh)
 12922 | Lair:2   | Reached skill level 1 in Short Blades
 12927 | Lair:2   | Found a staircase to the Shoals.
 13741 | Lair:3   | Found a frozen archway.
 13754 | Lair:3   | Reached skill level 12 in Shields
 13762 | IceCv    | Entered an ice cave
 14432 | IceCv    | Reached skill level 15 in Long Blades
 14551 | IceCv    | Noticed a reaper
 14595 | IceCv    | Killed a reaper
 15052 | Lair:3   | Reached XP level 13. HP: 116/117 MP: 13/13
 15185 | Lair:3   | Reached skill level 13 in Shields
 15328 | Lair:3   | Received a gift from Okawaru
 15627 | Lair:3   | Found a hole to the Spider Nest.
 15952 | D:12     | Identified the +0 leather armour of Precision Catastrophes
                  | {rPois rCorr}
 16302 | D:12     | Reached skill level 14 in Shields
 16409 | D:12     | Found a staircase to the Orcish Mines.
 16486 | D:12     | Received a gift from Okawaru
 16851 | Orc:1    | Entered Level 1 of the Orcish Mines
 17392 | Orc:2    | Entered Level 2 of the Orcish Mines
 17844 | Orc:2    | Received a gift from Okawaru
 17944 | Orc:1    | Reached skill level 15 in Shields
 17994 | Orc:1    | Paralysed by an orc sorcerer for 2 turns
 18463 | Orc:2    | Found a staircase to the Elven Halls.
 18509 | Orc:2    | Found Ireymnyp's Jewellery Shoppe.
 18982 | Orc:2    | Found Tiusujaaso's Jewellery Shoppe.
 19035 | Orc:2    | Reached XP level 14. HP: 94/129 MP: 14/14
 19183 | Orc:2    | Found Hufiuss's Antique Weapon Shoppe.
 19196 | Orc:2    | Paralysed by an orc sorcerer for 5 turns
 19282 | Orc:2    | Found Fauniobe's Assorted Antiques.
 19288 | Orc:2    | Bought a glittering marble ring for 145 gold pieces
 19288 | Orc:2    | Identified the ring of Fumyruish {Wiz rN+} (You bought it
                  | in a shop on level 2 of the Orcish Mines)
 19292 | Orc:2    | Bought 2 red potions for 52 gold pieces
 19292 | Orc:2    | Bought a scroll of identify for 58 gold pieces
 19293 | Orc:2    | Found Ucaag's Armour Boutique.
 19566 | D:13     | Identified the +7 spear "Wiusoxya" {heavy, rElec rN+ rCorr
                  | Str+3}
 19717 | D:13     | Reached skill level 16 in Shields
 20008 | D:13     | Noticed an ironbound preserver
 20012 | D:13     | Found a gate to the Vaults.
 20029 | D:13     | Killed an ironbound preserver
 20460 | Lair:4   | Identified the +0 buckler of the Oni {*Corrode rC+ rN+}
 20682 | Lair:4   | Received a gift from Okawaru
 21551 | Lair:5   | Entered Level 5 of the Lair of Beasts
 21565 | Lair:5   | Reached skill level 17 in Shields
 21672 | Lair:5   | Found a runed translucent door.
 21672 | Lair:5   | Noticed Doomgape's ghost (journeyman GrFi)
 21674 | Lair:5   | Identified the +0 trident "Lodifakk" {venom, ^Drain Dex+5
                  | SInv}
 21802 | Lair:5   | Reached skill level 1 in Evocations
 22002 | Lair:5   | Received a gift from Okawaru
 22194 | Lair:5   | Noticed Josephine
 22201 | Lair:5   | Killed Josephine
 22201 | Lair:5   | Reached ****** piety under Okawaru
 22231 | Lair:5   | Reached skill level 18 in Shields
 22359 | Lair:5   | Found a staircase to the Slime Pits.
 22359 | Lair:5   | Found a viscous altar of Jiyva.
 22369 | Lair:5   | Reached XP level 15. HP: 131/133 MP: 16/16
 22661 | Lair:5   | Received a gift from Okawaru
 23736 | D:14     | Identified the ring "Yfaem" {rPois rF+ rN+ MP+9 Str+5}
 23867 | D:14     | Found a portal to a secret trove of treasure.
 23964 | D:14     | Reached skill level 19 in Shields
 24365 | D:15     | Entered Level 15 of the Dungeon
 24448 | D:15     | Received a gift from Okawaru
 24571 | D:15     | Found a staircase to the Depths.
 25256 | Lair:1   | Killed Erosuy's ghost
 25344 | Lair:2   | Killed Ciovowug's ghost
 25462 | Lair:5   | Killed Doomgape's ghost
 26167 | Shoals:1 | Entered Level 1 of the Shoals
 26300 | Spider:1 | Entered Level 1 of the Spider Nest
 26440 | Spider:1 | Received a gift from Okawaru
 26560 | Spider:1 | Reached skill level 20 in Shields
 27660 | Spider:2 | Reached XP level 16. HP: 88/147 MP: 17/17
 27745 | Spider:2 | Reached skill level 15 in Fighting
 27778 | Spider:2 | Reached skill level 21 in Shields
 27789 | Spider:2 | Received a gift from Okawaru
 27955 | Spider:2 | Identified the +2 orcbow of Xiugeecket {heavy, Dex+3}
 29251 | Spider:3 | Noticed Arachne
 29286 | Spider:3 | Killed Arachne
 30023 | Orc:2    | Bought an amulet of reflection for 420 gold pieces
 30053 | Orc:2    | Bought a ring of willpower for 350 gold pieces
 30136 | Elf:1    | Entered Level 1 of the Elven Halls
 30626 | Elf:1    | Received a gift from Okawaru
 31291 | Elf:1    | Paralysed by an air elemental for 1 turns
 31296 | Elf:1    | Paralysed by an air elemental for 1 turns
 31300 | Elf:1    | Paralysed by an air elemental for 1 turns
 31301 | Elf:1    | HP: 5/143 [deep elf sorcerer/+0 rapier (10)]
 31301 | Elf:1    | Slain by a deep elf pyromancer

Illustrated notes

Levels and vault maps discovered:
D:1:      erik_arrival_orb_chamber, layout_basic, serial_bayou,
          serial_bayou_lagoon_a, serial_bayou_shore_a, serial_bayou_shore_b,
          serial_bayou_lagoon_b, minmay_cupped
D:2:      kennysheep_six_static_rooms, layout_loops_ring, basic_altar,
          uniq_crazy_yiuf_cottage, uniq_robin, uniq_jessica, uniq_sigmund,
          uniq_terence
D:3:      layout_basic, serial_curves, eino_curves_03, eino_curves_04,
          eino_curves_02, uniq_ijyb
D:4:      layout_basic, mainiacjoe_overflow_brackets, nicolae_wormholes
D:5:      layout_basic, nicolae_uskayaw_en_pointe,
          minmay_temple_entry_large_hall, nicolae_eternal_life,
          nicolae_wooded_promenade, minmay_lizard_king, uniq_edmund,
          uniq_menkaure, uniq_prince_ribbit1, uniq_duvessa
D:6:      layout_basic, mainiacjoe_overflow_alcove_3, uniq_maggie
D:7:      layout_cave_pods
D:8:      layout_rooms, uniq_psyche, uniq_joseph, uniq_grum, uniq_amaemon
D:9:      layout_basic, mainiacjoe_overflow_cross_hatched
D:10:     layout_roguey, lair_entry_dummy, uniq_maurice
D:11:     layout_loops_cross
D:12:     layout_basic, hiddenorc2_lemuel, serial_bayou_pond_d
D:13:     layout_basic, skrybe_vaults_entry_preservation
D:14:     nicolae_moon_pools, layout_rooms, nicolae_trove_entry_diagonal
D:15:     hangedman_depths_entry_civil_slaughter, layout_gridville,
          evilmike_butchery
Temple:   nicolae_temple_no_exploring_needed
Lair:1:   layout_regular_city, hellmonk_ghost_happy_afterlife
Lair:2:   layout_layer_cave, minmay_shoals_entry_lonely_mermaid,
          gammafunk_ghost_grave
Lair:3:   layout_misc_corridors, nicolae_spider_entry_orb_guardian,
          portal_ice_cave_rime, infiniplex_staircase_pool_2
Lair:4:   layout_gridlike, pdpol_lair_cavern_descent
Lair:5:   gammafunk_lair_ancient_temple, layout_regular_city,
          minmay_slime_entry_jelly_boxes, ebering_ghost_funeral_grove,
          patterned_corridor, uniq_josephine
Shoals:1: cheibrodos_shoals_satyrical_garden, layout_shoals
Spider:1: layout_spider_delve, hellmonk_narrow_tunnel
Spider:2: nicolae_spider_hilbert_zone_7 [nicolae_spider_hilbert_4_sides_1_open,
          nicolae_spider_hilbert_4_sides_1_open,
          nicolae_spider_hilbert_4_sides_1_open,
          nicolae_spider_hilbert_4_sides_1_open,
          nicolae_spider_hilbert_3_sides_1_open,
          nicolae_spider_hilbert_3_sides_1_open,
          nicolae_spider_hilbert_3_sides_1_open,
          nicolae_spider_hilbert_3_sides_1_open,
          nicolae_spider_hilbert_4_sides_1_open,
          nicolae_spider_hilbert_4_sides_1_open,
          nicolae_spider_hilbert_4_sides_1_open,
          nicolae_spider_hilbert_2_sides_1_open,
          nicolae_spider_hilbert_2_sides_1_open,
          nicolae_spider_hilbert_2_sides_1_open,
          nicolae_spider_hilbert_2_sides_1_open,
          nicolae_spider_hilbert_2_sides_1_open,
          nicolae_spider_hilbert_2_sides_1_open],
          nicolae_spider_undead_wolf_pack
Spider:3: layout_spider_delve, uniq_arachne
Orc:1:    layout_diamond_mine, nicolae_orc_rockfall
Orc:2:    st_orc_elflike, layout_caves, serial_shops, nicolae_shop_peninsula,
          blackcustard_mines_bat_river
Elf:1:    layout_loops_corners, evilmike_minifort

Skill      XL: |  1  2  3  4  5  6  7  8  9 10 11 12 13 14 15 16 |
---------------+-------------------------------------------------+-----
Armour         | 4 5 6 8 9 10 11 12 13 | 13.9
Fighting       | 4 5 6 7 8 10 11 13 14 15 | 15.5
Long Blades    | 3 4 6 7 9 11 13 14 15 16 17 | 17.1
Dodging        | 1 2 3 5 6 7 8 9 |  9.4
Shields        | 4 5 6 8 9 12 15 18 20 21 | 21.9
Stealth        | 1 2 3 |  3.7
Invocations    | 1 2 3 |  3.2
Short Blades   | 1 2 |  2.7
Evocations     | 1 |  1.0
Axes           | |  0.1

Action                     |  1- 3 |  4- 6 |  7- 9 | 10-12 | 13-15 | 16-18 || total
---------------------------+-------+-------+-------+-------+-------+-------++-------
  Melee: Long sword        |    75 |    96 |   387 |  1004 |  2177 |   523 ||  4262
         Headbutt          |    12 |    18 |    86 |   275 |   611 |   152 ||  1154
         Dagger            |       |       |       |    19 |    49 |       ||    68
         Hand axe          |       |       |       |       |     9 |       ||     9
 Invoke: Heroism           |       |       |     1 |    18 |    22 |     7 ||    48
  Evoke: Wand              |       |       |     4 |       |    10 |     1 ||    15
    Use: Potion            |     2 |       |     3 |     5 |     2 |     2 ||    14
         Scroll            |       |       |    10 |     9 |     8 |     2 ||    29
   Stab: Sleeping          |       |       |       |     4 |       |       ||     4
         Distracted        |       |       |       |     1 |       |       ||     1
 Armour: Scale mail        |    87 |       |       |       |       |       ||    87
         Chain mail        |       |    40 |   156 |   325 |   928 |   234 ||  1683
         Ring mail         |       |       |    41 |   115 |       |       ||   156
         Plate armour      |       |       |    19 |       |       |       ||    19
  Dodge: Dodged            |    47 |    42 |   197 |   453 |   818 |   186 ||  1743
  Block: Buckler           |    26 |    21 |    84 |   127 |       |       ||   258
         Tower shield      |       |       |       |   547 |  2720 |   696 ||  3963
         Reflection        |       |       |       |       |       |     8 ||     8
